SAAA
NAPERVILLE BATTLEKINGS @ ELLENBURG FIGHTING DACHSUNDS
09/01/2025
 
TOP OF THE 1ST
Naperville Battlekings batting - Pitching for Ellenburg Fighting Dachsunds : RHP Bill Gentry
Pitching: RHP Bill Gentry
Batting: RHB Miguel Rodríguez 0-0: Ball
1-0: Ball
2-0: Swinging Strike
2-1: Foul Ball, location: 2F
2-2: Strikes out swinging
Batting: LHB Jim Unknown 0-0: Foul Ball, location: 2F
0-1: Fly out, F8 (Flyball, 8RXD)
Batting: RHB Jorge Baker 0-0: Fly out, F9 (Flyball, 9LS)
Top of the 1st over - 0 run(s), 0 hit(s), 0 error(s), 0 left on base; Naperville 0 - Ellenburg 0
BOTTOM OF THE 1ST
Ellenburg Fighting Dachsunds batting - Pitching for Naperville Battlekings : RHP Javier Dávila
Pitching: RHP Javier Dávila
Batting: LHB Aquiles Marmelo 0-0: Called Strike
0-1: Ground out 3-1 (Groundball, 34)
Batting: RHB Bob Campbell 0-0: Called Strike
0-1: Ball
1-1: Swinging Strike
1-2: Strikes out looking
Batting: RHB Ed Adams 0-0: Ball
1-0: Called Strike
1-1: Ball
2-1: Foul Ball, location: 2F
2-2: SINGLE (Line Drive, 4)
Batting: RHB Preston Hernández 0-0: Ball
Ed Adams is caught stealing 2nd base
Bottom of the 1st over - 0 run(s), 1 hit(s), 0 error(s), 0 left on base; Naperville 0 - Ellenburg 0
TOP OF THE 2ND
Naperville Battlekings batting - Pitching for Ellenburg Fighting Dachsunds : RHP Bill Gentry
Batting: RHB António Guzmán 0-0: Called Strike
0-1: Called Strike
0-2: Strikes out looking
Batting: LHB Philip Strickland 0-0: Ground out 4-3 (Groundball, 4)
Batting: RHB Álex Rodríguez 0-0: Ball
1-0: Foul Ball, location: 2F
1-1: Ball
2-1: Foul Ball, location: 2F
2-2: Ground out 6-3 (Groundball, 6M)
Top of the 2nd over - 0 run(s), 0 hit(s), 0 error(s), 0 left on base; Naperville 0 - Ellenburg 0
BOTTOM OF THE 2ND
Ellenburg Fighting Dachsunds batting - Pitching for Naperville Battlekings : RHP Javier Dávila
Batting: RHB Preston Hernández 0-0: Swinging Strike
0-1: Ball
1-1: Ball
2-1: Fly out, F9 (Flyball, 89S)
Batting: RHB Juan Ramos 0-0: Reached on error, E5 (Groundball, 56S)
Batting: RHB José Vázquez 0-0: Ground out 4-3 (Groundball, 34D)
Juan Ramos to third
Batting: RHB Meka Knight 0-0: Called Strike
0-1: Ball
1-1: Called Strike
1-2: Strikes out swinging
Bottom of the 2nd over - 0 run(s), 0 hit(s), 1 error(s), 1 left on base; Naperville 0 - Ellenburg 0
TOP OF THE 3RD
Naperville Battlekings batting - Pitching for Ellenburg Fighting Dachsunds : RHP Bill Gentry
Batting: RHB Jimmy Dawson 0-0: Foul Ball, location: 2F
0-1: Ground out 4-3 (Groundball, 4)
Batting: RHB Kevin Tyler 0-0: Ball
1-0: Called Strike
1-1: Ball
2-1: SINGLE (Groundball, 56S) (infield hit)
Batting: RHB Edward Payne 0-0: Fly out, F7 (Flyball, 7LM)
Batting: RHB Miguel Rodríguez 0-0: Ball
1-0: Swinging Strike
1-1: Called Strike
1-2: Foul Ball, location: 2F
1-2: SINGLE (Groundball, 4MD)
Kevin Tyler to second
Batting: LHB Jim Unknown 0-0: Called Strike
0-1: Ball
1-1: Ball
2-1: Fly out, F7 (Flyball, 78S)
Top of the 3rd over - 0 run(s), 2 hit(s), 0 error(s), 2 left on base; Naperville 0 - Ellenburg 0
BOTTOM OF THE 3RD
Ellenburg Fighting Dachsunds batting - Pitching for Naperville Battlekings : RHP Javier Dávila
Batting: RHB Jack Burton 0-0: Called Strike
0-1: Ball
1-1: Called Strike
1-2: Ball
2-2: Ball
3-2: Foul Ball, location: 2F
3-2: Foul Ball, location: 2F
3-2: Strikes out swinging
Batting: RHB Victor Haley 0-0: Ball
1-0: Ball
2-0: Ball
3-0: Called Strike
3-1: Called Strike
3-2: Base on Balls
Batting: LHB Aquiles Marmelo 0-0: Ball
1-0: 2-RUN HOME RUN (Flyball, 9D), Distance : 390 ft
Batting: RHB Bob Campbell 0-0: Ball
1-0: SINGLE (Line Drive, 34D)
Batting: RHB Ed Adams 0-0: Called Strike
0-1: Ball
1-1: Called Strike
1-2: Fly out, F6 (Popup, 56D)
Batting: RHB Preston Hernández 0-0: Ball
1-0: Foul Ball, location: 2F
1-1: Ball
2-1: SINGLE (Groundball, 34D)
Bob Campbell to second
Runner from 2nd tries for 3rd, SAFE, throw made to third
Batting: RHB Juan Ramos 0-0: Called Strike
0-1: Ball
1-1: Foul Ball, location: 2F
1-2: SINGLE (Groundball, 3D)
Bob Campbell scores
Preston Hernández to second
Runner from 2nd tries for 3rd, SAFE, throw made to third
Batting: RHB José Vázquez 0-0: Ball
1-0: Ball
2-0: Swinging Strike
2-1: Called Strike
2-2: Foul Ball, location: 2F
2-2: Fly out, F4 (Flyball, 34D)
Bottom of the 3rd over - 3 run(s), 4 hit(s), 0 error(s), 2 left on base; Naperville 0 - Ellenburg 3
TOP OF THE 4TH
Naperville Battlekings batting - Pitching for Ellenburg Fighting Dachsunds : RHP Bill Gentry
Batting: RHB Jorge Baker 0-0: Called Strike
0-1: Called Strike
0-2: Strikes out swinging
Batting: RHB António Guzmán 0-0: Ball
1-0: Ball
2-0: Called Strike
2-1: Ball
3-1: Foul Ball, location: 2F
3-2: Fly out, F8 (Flyball, 8RM)
Batting: LHB Philip Strickland 0-0: Fly out, F9 (Flyball, 9LS)
Top of the 4th over - 0 run(s), 0 hit(s), 0 error(s), 0 left on base; Naperville 0 - Ellenburg 3
BOTTOM OF THE 4TH
Ellenburg Fighting Dachsunds batting - Pitching for Naperville Battlekings : RHP Javier Dávila
Batting: RHB Meka Knight 0-0: Ball
1-0: Called Strike
1-1: Ground out 6-3 (Groundball, 56)
Batting: RHB Jack Burton 0-0: Called Strike
0-1: Ball
1-1: Called Strike
1-2: Strikes out swinging, 2-3 out at first.
Batting: RHB Victor Haley 0-0: Ground out 4-3 (Groundball, 4)
Bottom of the 4th over - 0 run(s), 0 hit(s), 0 error(s), 0 left on base; Naperville 0 - Ellenburg 3
TOP OF THE 5TH
Naperville Battlekings batting - Pitching for Ellenburg Fighting Dachsunds : RHP Bill Gentry
Batting: RHB Álex Rodríguez 0-0: Ground out 6-3 (Groundball, 6S)
Batting: RHB Jimmy Dawson 0-0: Ball
1-0: Foul Ball, location: 2F
1-1: Swinging Strike
1-2: SINGLE (Groundball, 56D)
Batting: RHB Kevin Tyler 0-0: Ball
1-0: Ball
2-0: Ball
3-0: Swinging Strike
Passed Ball!
Jimmy Dawson to second
3-1: Base on Balls
Batting: RHB Edward Payne 0-0: Ball
Jimmy Dawson is caught stealing 3rd base
Kevin Tyler to second
1-0: Ground out 6-3 (Groundball, 6)
Top of the 5th over - 0 run(s), 1 hit(s), 0 error(s), 1 left on base; Naperville 0 - Ellenburg 3
BOTTOM OF THE 5TH
Ellenburg Fighting Dachsunds batting - Pitching for Naperville Battlekings : RHP Javier Dávila
Batting: LHB Aquiles Marmelo 0-0: Called Strike
0-1: Ground out 4-3 (Groundball, 4M)
Batting: RHB Bob Campbell 0-0: Called Strike
0-1: Ball
1-1: Called Strike
1-2: Ball
2-2: Foul Ball, location: 2F
2-2: Foul Ball, location: 2F
2-2: Ball
3-2: Base on Balls
Batting: RHB Ed Adams 0-0: Called Strike
0-1: Called Strike
0-2: Ground out 5-3 (Groundball, 5S)
Bob Campbell to second
Batting: RHB Preston Hernández 0-0: Ball
1-0: Ball
2-0: Ball
3-0: Called Strike
3-1: Ground out 6-3 (Groundball, 6)
Bottom of the 5th over - 0 run(s), 0 hit(s), 0 error(s), 1 left on base; Naperville 0 - Ellenburg 3
TOP OF THE 6TH
Naperville Battlekings batting - Pitching for Ellenburg Fighting Dachsunds : RHP Bill Gentry
Batting: RHB Miguel Rodríguez 0-0: Called Strike
0-1: Ball
1-1: Foul Ball, location: 2F
1-2: Ball
2-2: Ball
3-2: Strikes out swinging
Batting: LHB Jim Unknown 0-0: Ground out 4-3 (Groundball, 4)
Batting: RHB Jorge Baker 0-0: Ground out 3-1 (Groundball, 34)
Top of the 6th over - 0 run(s), 0 hit(s), 0 error(s), 0 left on base; Naperville 0 - Ellenburg 3
BOTTOM OF THE 6TH
Ellenburg Fighting Dachsunds batting - Pitching for Naperville Battlekings : RHP Javier Dávila
Batting: RHB Juan Ramos 0-0: Swinging Strike
0-1: Ground out 4-3 (Groundball, 4)
Batting: RHB José Vázquez 0-0: Ball
1-0: Fly out, F8 (Flyball, 8LD)
Batting: RHB Meka Knight 0-0: Called Strike
0-1: Ground out 5-3 (Groundball, 56)
Bottom of the 6th over - 0 run(s), 0 hit(s), 0 error(s), 0 left on base; Naperville 0 - Ellenburg 3
TOP OF THE 7TH
Naperville Battlekings batting - Pitching for Ellenburg Fighting Dachsunds : RHP Bill Gentry
Now at 1B: Ismael Cabrera
Now at 2B: Michael Taylor
Batting: RHB António Guzmán 0-0: Swinging Strike
0-1: Foul Ball, location: 2F
0-2: Ball
1-2: Foul Ball, location: 2F
1-2: Ball
2-2: Strikes out swinging
Batting: LHB Philip Strickland 0-0: Swinging Strike
0-1: Swinging Strike
0-2: Strikes out swinging
Batting: RHB Álex Rodríguez 0-0: Ball
1-0: Called Strike
1-1: SINGLE (Groundball, 6MD)
Batting: RHB Jimmy Dawson 0-0: Ball
1-0: Ball
2-0: Called Strike
2-1: Foul Ball, location: 2F
2-2: Ball
3-2: Base on Balls
Álex Rodríguez to second
Batting: RHB Kevin Tyler 0-0: Ball
1-0: Foul Ball, location: 2F
1-1: Foul Ball, location: 2F
1-2: Ball
2-2: SINGLE (Groundball, 4MD)
Álex Rodríguez to third
Jimmy Dawson to second
Runner from 3rd tries for Home, SAFE, no throw
Pinch Hitting: LHB Naohiro Sakai 0-0: Ball
1-0: Called Strike
1-1: Ball
2-1: Ball
3-1: Called Strike
3-2: Foul Ball, location: 2F
3-2: Foul Ball, location: 2F
3-2: Fly out, F4 (Popup, 4)
Top of the 7th over - 1 run(s), 2 hit(s), 0 error(s), 2 left on base; Naperville 1 - Ellenburg 3
BOTTOM OF THE 7TH
Ellenburg Fighting Dachsunds batting - Pitching for Naperville Battlekings : RHP Javier Dávila
Now in LF: Jim Unknown
Batting: RHB Jack Burton 0-0: Fly out, F9 (Flyball, 89M)
Batting: RHB Victor Haley 0-0: Ball
1-0: Ball
2-0: Foul Ball, location: 2F
2-1: SINGLE (Line Drive, 6MD)
Pitching: RHP Jorge Vázquez
Batting: LHB Aquiles Marmelo 0-0: Ball
1-0: Foul Ball, location: 2F
1-1: Foul Ball, location: 2F
1-2: Foul Ball, location: 2F
1-2: Fly out, F8 (Flyball, 8RD)
Batting: RHB Bob Campbell 0-0: Ball
1-0: SINGLE (Groundball, 4D)
Victor Haley to second
Runner from 2nd tries for 3rd, SAFE, throw made to third
Batting: RHB Ed Adams 0-0: Called Strike
0-1: Ground out 4-3 (Groundball, 4MS)
Bottom of the 7th over - 0 run(s), 2 hit(s), 0 error(s), 2 left on base; Naperville 1 - Ellenburg 3
TOP OF THE 8TH
Naperville Battlekings batting - Pitching for Ellenburg Fighting Dachsunds : RHP Bill Gentry
Batting: RHB Miguel Rodríguez 0-0: Ball
1-0: Called Strike
1-1: Ball
2-1: Foul Ball, location: 2F
2-2: Ball
3-2: SINGLE (Groundball, 56D)
Batting: LHB Jim Unknown 0-0: Foul Ball, location: 2F
0-1: Ball
1-1: SINGLE (Groundball, 34D)
Miguel Rodríguez to second
Runner from 2nd tries for 3rd, SAFE, no throw
Batting: RHB Jorge Baker 0-0: Ball
1-0: Ground out 6-3 (Groundball, 6M)
Jim Unknown to second
Batting: RHB António Guzmán 0-0: Ball
1-0: Ball
2-0: Ball
3-0: Base on Balls
Pitching: RHP Jim Unknown
Batting: LHB Philip Strickland 0-0: Called Strike
0-1: Called Strike
0-2: Ball
1-2: Ball
2-2: Fly out, F6 (Popup, 6)
Batting: RHB Álex Rodríguez 0-0: Ball
1-0: Called Strike
1-1: Fielders Choice at 2nd, 4-6 (Groundball, 4)
Top of the 8th over - 0 run(s), 2 hit(s), 0 error(s), 2 left on base; Naperville 1 - Ellenburg 3
BOTTOM OF THE 8TH
Ellenburg Fighting Dachsunds batting - Pitching for Naperville Battlekings : RHP Jorge Vázquez
Batting: RHB Preston Hernández 0-0: Ball
1-0: Called Strike
1-1: Called Strike
1-2: SINGLE (Groundball, 6D)
Batting: RHB Michael Taylor 0-0: Ball
1-0: Grounds into double play, 4-6-3 (Groundball, 4)
Batting: LHB Ismael Cabrera 0-0: Ball
1-0: Called Strike
1-1: Ball
2-1: Ball
3-1: Base on Balls
Batting: RHB Meka Knight 0-0: Ball
1-0: Ball
2-0: Called Strike
2-1: Ball
3-1: Called Strike
3-2: Fly out, F8 (Flyball, 78S)
Bottom of the 8th over - 0 run(s), 1 hit(s), 0 error(s), 1 left on base; Naperville 1 - Ellenburg 3
TOP OF THE 9TH
Naperville Battlekings batting - Pitching for Ellenburg Fighting Dachsunds : RHP Jim Unknown
Batting: RHB Jimmy Dawson 0-0: Ball
1-0: Ball
2-0: Fly out, F7 (Line Drive, 7S)
Batting: RHB Kevin Tyler 0-0: Ball
1-0: Called Strike
1-1: Ball
2-1: Fly out, F9 (Flyball, 89S)
Batting: LHB Jim Unknown 0-0: Ball
1-0: Called Strike
1-1: SINGLE (Line Drive, 89S)
Batting: RHB Miguel Rodríguez 0-0: Ground out 5-3 (Groundball, 56S)
Top of the 9th over - 0 run(s), 1 hit(s), 0 error(s), 1 left on base; Naperville 1 - Ellenburg 3
Friday, December 30th, 2016 - OOTP Baseball 17.12 Build 75